 Dungeon Crawl Stone Soup version 0.28-a0-413-gde365fb1df (webtiles) character file.

Game seed: 9294552207095416671

4676 heikuro the Carver (level 10, -22/79 HPs)
             Began as a Formicid Fighter on Sept 7, 2021.
             Was a High Priest of Yredelemnul.
             Annihilated by a two-headed ogre (23 damage)
             ... on level 9 of the Dungeon.
             The game lasted 00:29:26 (10409 turns).

heikuro the Carver (Formicid Fighter)              Turns: 10409, Time: 00:29:27

Health: -22/79     AC: 17    Str: 20    XL:     10   Next: 72%
Magic:  15/15      EV:  8    Int: 12    God:    Yredelemnul [*****.]
Gold:   478        SH:  6    Dex: 11    Spells: 9/9 levels left

rFire   + . .      SeeInvis +   A - +1 dagger "Xiaq Hubb" {drain, rN+ rCorr Str-3 Int+4}
rCold   . . .      Faith    .   c - +0 buckler
rNeg    + . .      Spirit   .   F - +3 chain mail {rF+}
rPois   +          Reflect  .   (helmet unavailable)
rElec   .          Harm     .   I - +1 cloak {Will+}
rCorr   +          Rampage  .   z - +0 pair of gloves
Will    ++...                   (no boots)
Stlth   ..........              (no amulet)
HPRegen 0.23/turn               i - ring of poison resistance
MPRegen 0.14/turn               (no ring)

@: no status effects
A: permanent stasis, dig shafts and tunnels, antennae 3, four strong arms
a: Dig, Shaft Self, Renounce Religion, Recall Undead Slaves, Injury Mirror,
Animate Dead, Drain Life, Enslave Soul


You were on level 9 of the Dungeon.
You worshipped Yredelemnul.
Yredelemnul was extremely pleased with you.
You visited 2 branches of the dungeon, and saw 10 of its levels.
You visited the Abyss 1 time.
You also visited: Sewer.

You collected 584 gold pieces.
You spent 106 gold pieces at shops.

Inventory:

Hand Weapons
 a - a +0 long sword
 v - a +0 dagger of venom
 A - the +1 dagger "Xiaq Hubb" (weapon) {drain, rN+ rCorr Str-3 Int+4}
   (You found it on level 4 of the Dungeon)

   A truly terrible weapon, it drains the life of any living foe it strikes.
   Str:       It affects your strength (-3).
   Int:       It affects your intelligence (+4).
   rN:        It protects you from negative energy.
   rCorr:     It protects you from acid and corrosion.
Missiles
 l - 9 curare-tipped darts
 r - 31 poisoned darts (quivered)
 y - 6 atropa-tipped darts
Armour
 c - a +0 buckler (worn)
 z - a +0 pair of gloves (worn)
 F - a +3 chain mail of fire resistance (worn)
 I - a +1 cloak of willpower (worn)
Jewellery
 i - a ring of poison resistance (left hand)
 x - an amulet of guardian spirit
Wands
 n - a wand of iceblast (28)
 G - a wand of paralysis (8)
 H - a wand of flame (12)
Scrolls
 f - 2 scrolls of torment {unknown}
 h - 2 scrolls of enchant weapon {unknown}
 j - a scroll of blinking {unknown}
 k - 2 scrolls of fear {unknown}
 o - 3 scrolls of amnesia {unknown}
 p - a scroll of enchant armour {unknown}
 s - 4 scrolls of fog {unknown}
 t - 2 scrolls of summoning {unknown}
 u - a scroll of immolation {unknown}
 w - a scroll of noise {unknown}
 C - 3 scrolls of magic mapping {unknown}
 J - 2 scrolls of identify
Potions
 b - a potion of heal wounds
 d - a potion of might
 e - 5 potions of flight
 g - a potion of attraction
 m - a potion of brilliance {unknown}
 q - a potion of berserk rage {unknown}
 B - a potion of mutation {unknown}
 D - 3 potions of curing
 E - a potion of lignification {unknown}


   Skills:
 + Level 7.4 Fighting
 * Level 9.0 Long Blades
 + Level 7.6 Armour
 + Level 8.2 Shields
 + Level 6.9 Invocations


You had 9 spell levels left.
You didn't know any spells.
Your spell library contained the following spells:

 Spells                   Type           Power      Damage    Failure   Level
 Gell's Gravitas          Tloc           0%         N/A       100%        3
 Ozocubu's Armour         Ice            0%         N/A       100%        3
 Teleport Other           Tloc           0%         N/A       100%        3
 Summon Ice Beast         Ice/Summ       0%         N/A       100%        4
 Manifold Assault         Tloc           0%         N/A       100%        5
 Metabolic Englaciation   Hex/Ice        0%         N/A       100%        5
 Summon Mana Viper        Hex/Summ       0%         N/A       100%        5
 Dispersal                Tloc           0%         N/A       100%        6
 Simulacrum               Ice/Necr       0%         N/A       100%        6
 Monstrous Menagerie      Summ           0%         N/A       100%        7
 Storm Form               Tmut/Air       0%         N/A       100%        7
 Blink                    Tloc           Unusable   N/A       N/A         2

Dungeon Overview and Level Annotations

Branches:
Dungeon (9/15)             Temple (1/1) D:7            Lair (0/6) D:9
  Sewer (visited)
    Orc: D:9-12

Altars:
Ashenzari
Cheibriados
Dithmenos
Elyvilon
Fedhas
Gozag
Hepliaklqana
Kikubaaqudgha
Makhleb
Nemelex Xobeh
Okawaru
Qazlal
Ru
Sif Muna
Trog
Uskayaw
Vehumet
Wu Jian
Xom
Yredelemnul
Zin
The Shining One

Shops:
D:7 *

Annotations:
D:9 Erolcha


Innate Abilities, Weirdness & Mutations

You cannot be hasted, slowed, berserked, paralysed or teleported.
You can dig through walls and to a lower floor.
You have a pair of large antennae on your head. (SInv)
Your four strong arms can wield two-handed weapons with a shield.


Message History

The orc warrior hits the plant with a +0 glaive!
The wight hits the fungus with a +3 mace.
The two-headed ogre hits you with a +0 giant club!!
The two-headed ogre closely misses you.
The water moccasin bites the fungus!
The fungus begins to die.
The water moccasin bites the fungus.
The fungus begins to die.
The fungus is poisoned.
The water moccasin poisons the fungus!
The bullfrog hits you but does no damage.
A water moccasin comes into view.
Your flying skull hits the two-headed ogre.
The scorpion stings your mummy but does no damage.
You hear an angry hiss.
Unknown command.
Unknown command.
The orc barely misses your mummy. The black bear bites your vampire.
The black bear claws your vampire but does no damage.
The black bear closely misses your vampire.
Something bites the fungus!
The fungus begins to die.
Something bites the plant!
The plant begins to die.
The water moccasin bites the plant!
The plant begins to die.
Erolcha casts a spell.
Erolcha blinks!
The orc barely misses your wraith.
Your vampire barely misses the bullfrog.
Your vampire bites the bullfrog!
The bullfrog dies!
Yredelemnul accepts your kill.
Your flying skull barely misses the two-headed ogre.
The yak gores the fungus!
The fungus begins to die.
Something hits your wraith!
The gnoll shaman hits the fungus with a +0 club.
The orc priest looks braver for a moment.
The wight hits the fungus with a +3 mace.
The orc warrior hits you with a +0 dire flail!
* * * LOW HITPOINT WARNING * * *
The yak gores the plant!!
Your wraith hits something!
Your wraith drains something's vigour!
Your mummy hits the orc.
The two-headed ogre hits you with a +0 giant club!
* * * LOW HITPOINT WARNING * * *
The two-headed ogre hits you with a +0 giant club!!
You die...
Your body rises from the dead as a mindless zombie.

#.# #.#
#### #.# #
..P.###.#.#
..P..P..#.
....P....
PPP.!o.z##
.....oVO@#
PP..P.h.#o#


SPPP.MsW#z# PP.Po.Poz...# .PP.YPPz....# PSPP.PPP....# PYPPP.gP....#
SP.P...PP...# PP..PPP..$... You could see a two-headed ogre (ally target), 2
yaks, 2 orc warriors, a water moccasin, a black bear (berserk), a gnoll shaman,
a scorpion, 2 wights, an orc priest, 2 orcs, a friendly vampire, a friendly
wraith, a friendly flying skull and a friendly mummy.

Vanquished Creatures
  Pikel (D:8)
  A guardian serpent (Abyss:4)
  Maurice (D:8)
  A tengu conjurer (D:8)
  Eustachio (D:4)
  2 orc warriors
  An ice beast (D:7)
  2 ogres
  A black bear (D:5)
  A phantom (D:5)
  2 bullfrogs
  A killer bee (D:6)
  A jelly (D:8)
  A bullfrog zombie (D:5)
  An orc priest (D:5)
  4 hounds
  A bullfrog skeleton (D:5)
  A centaur skeleton (D:5)
  2 iguanas
  7 orc wizards
  A hound skeleton (D:4)
  5 gnolls
  A howler monkey skeleton (D:6)
  3 adders
  2 white imps
  An ufetubus (D:4)
  2 adder skeletons
  3 worms (D:2)
  8 dart slugs
  17 orcs
  8 ball pythons
  5 endoplasms
  2 giant cockroaches
  16 goblins
  18 hobgoblins
  3 jackals
  9 quokkas
  13 bats
  4 frilled lizards
  5 kobolds
  3 rats
162 creatures vanquished.

Vanquished Creatures (collateral kills)
  Harold (D:8)
  A two-headed ogre (D:8)
  2 tengu conjurers (D:8)
  A steam dragon (D:8)
  A water moccasin (D:4)
  3 black bears
  2 sky beasts
  A lemure (D:8)
  A kobold brigand (D:3)
  2 bullfrogs
  A wyvern skeleton (D:7)
  2 killer bees (D:6)
  2 electric eels (D:6)
  A centaur skeleton (D:6)
  A hound (D:6)
  An orc priest (D:6)
  An iguana (D:6)
  6 orc wizards
  A howler monkey zombie (D:8)
  A howler monkey skeleton (D:6)
  An adder (D:6)
  8 gnolls
  A shadow imp (D:7)
  2 white imps
  2 worms
  14 orcs
  2 endoplasms
  15 goblins (D:6)
  12 hobgoblins
  3 jackals (Sewer)
  2 kobolds (D:6)
  2 ball pythons (D:4)
  4 bats
  2 frilled lizards
  A killer bee zombie (D:6)
  An orc zombie (D:5)
  A quokka skeleton (D:4)
105 creatures vanquished.

Vanquished Creatures (others)
  4 flying skulls
  2 wights
  2 bat zombies
  2 adder zombies (D:4)
  A ball python zombie (Sewer)
  A bullfrog zombie (D:4)
  A frilled lizard zombie (D:3)
  A gnoll zombie (D:3)
  A goblin zombie (D:6)
  2 hobgoblin zombies
  2 hound zombies
  An iguana zombie (D:4)
  A kobold zombie (D:4)
  6 orc zombies
  6 fungi (D:9)
  10 plants
43 creatures vanquished.

Grand Total: 310 creatures vanquished

Notes
Turn   | Place    | Note
-------+----------+-------------------------------------------
     0 | D:1      | heikuro the Formicid Fighter began the quest for the Orb.
     0 | D:1      | Reached XP level 1. HP: 18/18 MP: 1/1
   125 | D:1      | Reached XP level 2. HP: 24/24 MP: 2/2
   432 | D:1      | Reached XP level 3. HP: 29/29 MP: 3/3
  1060 | D:2      | Reached XP level 4. HP: 37/37 MP: 4/4
  1185 | D:2      | Reached skill level 3 in Long Blades
  1434 | D:2      | Found a faded altar of an unknown god.
  1499 | D:2      | Became a worshipper of Yredelemnul the Dark
  1499 | D:2      | Reached * piety under Yredelemnul
  1802 | D:3      | Noticed an orc warrior
  1836 | D:3      | Killed an orc warrior
  1837 | D:3      | Reached skill level 1 in Invocations
  1837 | D:3      | Reached XP level 5. HP: 12/42 MP: 5/5
  1852 | D:3      | Reached XP level 6. HP: 15/48 MP: 5/7
  1946 | D:3      | Found a glowing drain.
  1961 | Sewer    | Entered a sewer
  1976 | Sewer    | Reached skill level 4 in Long Blades
  2414 | Sewer    | Reached ** piety under Yredelemnul
  2986 | D:4      | Found a glowing golden altar of the Shining One.
  3221 | D:4      | Found a white marble altar of Elyvilon.
  3222 | D:4      | Noticed a black bear
  3649 | D:3      | Reached skill level 5 in Shields
  3649 | D:3      | Reached XP level 7. HP: 44/55 MP: 8/8
  4201 | D:4      | Found a shimmering altar of Xom.
  4550 | D:4      | Noticed Eustachio
  4561 | D:4      | Reached *** piety under Yredelemnul
  4578 | D:4      | Killed Eustachio
  4579 | D:4      | Reached skill level 5 in Long Blades
  4579 | D:4      | Reached skill level 5 in Armour
  4620 | D:4      | Reached XP level 8. HP: 43/61 MP: 7/10
  4812 | D:4      | Found a hazy altar of Hepliaklqana.
  4868 | D:4      | Identified the +1 dagger "Xiaq Hubb" {drain, rN+ rCorr
                  | Str-3 Int+4}
  4981 | D:5      | Entered Level 5 of the Dungeon
  4981 | D:5      | Found a blossoming altar of Fedhas.
  5057 | D:5      | Reached skill level 5 in Fighting
  5831 | D:5      | Reached skill level 6 in Long Blades
  5962 | D:5      | Received a gift from Yredelemnul (5 flying skulls)
  5963 | D:5      | Reached XP level 9. HP: 34/68 MP: 12/12
  6914 | D:6      | Reached **** piety under Yredelemnul
  7238 | D:6      | Reached skill level 7 in Long Blades
  7238 | D:6      | Reached skill level 5 in Invocations
  7381 | D:6      | Received a gift from Yredelemnul (a wight)
  7663 | D:6      | Received a gift from Yredelemnul (a mummy)
  7869 | D:6      | Received a gift from Yredelemnul (a wraith)
  7930 | D:6      | Reached ***** piety under Yredelemnul
  8521 | D:7      | Found a staircase to the Ecumenical Temple.
  8577 | Temple   | Entered the Ecumenical Temple
  8935 | D:7      | Found Dowo's CLEARANCE SALE!.
  8944 | D:7      | Bought a +3 chain mail of fire resistance for 106 gold
                  | pieces
  9000 | D:7      | Received a gift from Yredelemnul (a wight)
  9582 | D:8      | Noticed Harold
  9602 | D:8      | Killed Harold
  9603 | D:8      | Reached skill level 8 in Long Blades
  9603 | D:8      | Reached XP level 10. HP: 63/77 MP: 14/14
  9666 | D:8      | Found the +0 staff of Battle
  9773 | D:8      | Noticed a two-headed ogre
  9786 | D:8      | Killed a two-headed ogre
  9927 | D:8      | Noticed Pikel
  9928 | D:8      | Noticed Maurice
  9941 | D:8      | Killed Pikel
  9951 | D:8      | Killed Maurice
  9975 | D:8      | Received a gift from Yredelemnul (a vampire)
 10200 | D:9      | Noticed a two-headed ogre
 10200 | D:9      | Noticed Erolcha
 10200 | D:9      | Found a staircase to the Lair.
 10204 | D:9      | Cast into level 1 of the Abyss (Erolcha)
 10223 | Abyss:1  | Noticed a smoke demon
 10250 | Abyss:3  | Found a corrupted altar of Lugonu.
 10279 | Abyss:3  | Noticed a worldbinder
 10348 | Abyss:4  | Noticed a guardian serpent
 10384 | Abyss:4  | Killed a guardian serpent
 10385 | Abyss:4  | Reached skill level 9 in Long Blades
 10406 | D:9      | Escaped the Abyss
 10409 | D:9      | HP: 1/79 [two-headed ogre (15)]
 10409 | D:9      | Annihilated by a two-headed ogre

Illustrated notes

Levels and vault maps discovered:
D:1:      amcnicky_arrival_wind_blow, layout_rooms, nrook_mini_vaults,
          chequers_serial_rivers_marsh, minivault_11, solitary_fountain
D:2:      layout_basic, shapermc_ecumenical_altar_pompeii
D:3:      layout_rooms, portal_sewer_entry_a
D:4:      layout_cave_pods, mainiacjoe_overflow_surrounded_room,
          mainiacjoe_overflow_tiny_flanked, lemuel_crystal_altar,
          minmay_ruined_shrine, uniq_eustachio
D:5:      layout_basic, fedhas_ov_isle_minmay
D:6:      minmay_goblin_kobold_castle, layout_rooms
D:7:      layout_loops_cross, temple_doors_e, nicolae_shop_clearance
D:8:      layout_basic, hellmonk_guarded_unrand_staff_of_battle, uniq_harold,
          uniq_maurice, uniq_pikel
D:9:      layout_loops_ring, due_lair_maze_entry_diamond, st_stairs_8,
          uniq_erolcha
Temple:   compressed_dpeg_circular_temple

Skill      XL: |  1  2  3  4  5  6  7  8  9 10 |
---------------+-------------------------------+-----
Shields        | 4 5 6 7 8 |  8.2
Long Blades    | 3 4 5 6 8 9 |  9.0
Fighting       | 4 5 6 7 |  7.4
Armour         | 4 5 6 7 |  7.6
Invocations    | 1 2 3 4 6 |  6.9

Action                   |  1- 3 |  4- 6 |  7- 9 | 10-12 || total
-------------------------+-------+-------+-------+-------++-------
Melee: Long sword        |    69 |   156 |    23 |       ||   248
       Dagger            |       |       |   466 |    75 ||   541
Throw: Dart              |       |       |     1 |       ||     1
Invok: Animate Remains   |       |    32 |     6 |       ||    38
       Animate Dead      |       |       |    24 |     5 ||    29
       Recall Undead Sla |       |       |     4 |     1 ||     5
 Abil: Dig               |       |     4 |     5 |    10 ||    19
  Use: Scroll            |       |     3 |     1 |     1 ||     5
       Potion            |       |     1 |       |       ||     1
 Stab: Distracted        |       |       |     4 |     1 ||     5
Armor: Scale mail        |    36 |    64 |       |       ||   100
       Plate armour      |       |    21 |   289 |       ||   310
       Chain mail        |       |       |    14 |    40 ||    54
Dodge: Dodged            |    36 |    58 |   109 |    17 ||   220
Block: Buckler           |    13 |    38 |   122 |    18 ||   191

Table legend: (Time is in decaauts)
 A = Elapsed time spent in this place.
 B = Non-inter-level travel time spent in this place.
 C = Inter-level travel time spent in this place.
 D = Time resting spent in this place.
 E = Time spent auto-exploring this place.
 F = Levels seen in this place.
 G = Mean time per level.
                   A        B        C        D        E       F      G
               +--------+--------+--------+--------+--------+-----+--------+
         Total |  10529 |  10217 |    312 |   2555 |   4278 |  15 |  701.9 |
       Dungeon |   9327 |   9050 |    277 |   2342 |   3839 |   9 | 1036.3 |
        Temple |    127 |     92 |     35 |      0 |     76 |   1 |  127.0 |
         Abyss |    193 |    193 |      0 |      0 |      0 |   4 |   48.2 |
         Sewer |    880 |    880 |      0 |    213 |    363 |   1 |  880.0 |
               +--------+--------+--------+--------+--------+-----+--------+

Top non-repeatable levels by time:
     D:4: 1617 daAuts
     D:5: 1526 daAuts
     D:6: 1475 daAuts
     D:3: 1177 daAuts
     D:1: 971 daAuts
     D:8: 910 daAuts
     D:7: 899 daAuts
   Sewer: 880 daAuts
     D:2: 743 daAuts
  Temple: 127 daAuts
 Abyss:3: 101 daAuts
 Abyss:4: 49 daAuts
 Abyss:1: 28 daAuts
 Abyss:2: 14 daAuts
     D:9: 6 daAuts
